[Event "AUT-ch Open 2020"]
[Site "Graz"]
[Date "2020.02.19"]
[Round "7.30"]
[White "Neuschmied, Siegfried"]
[Black "Kozak, Antoni"]
[Result "1/2-1/2"]
[ECO "B06"]
[WhiteElo "2372"]
[BlackElo "2268"]
[Annotator "NA"]
[PlyCount "72"]
[EventDate "2020.02.14"]
[EventType "swiss"]
[EventCountry "AUT"]
[SourceTitle "playchess.com"]
[Source "ChessBase"]
[SourceQuality "1"]
[TimeControl "40/5400+30:1800+30"]

1. e4 g6 2. d4 Bg7 3. Nc3 a6 4. h4 h5 5. Nf3 d6 6. Ng5 b5 7. Be3 Nd7 8. a4 Rb8 9. axb5 axb5 10. Bxb5 Nh6 11. f3 O-O 12. Qd2 c5 13. Bxd7 Bxd7 14. dxc5 Rxb2 15. O-O dxc5 16. Rad1 Qc8 17. Nd5 Re8 18. Rb1 Rxb1 19. Rxb1 Bc6 20. c4 f6 21. Nb6 Qb8 22. Ne6 Nf7 23. Nxc5 Ne5 24. Qc2 f5 25. Nd5 Qd6 26. exf5 Nxc4 27. Qxc4 Bxd5 28. Qd3 Ba2 29. Qb5 Rf8 30. Ne4 Qa3 31. Re1 gxf5 32. Ng5 Qc3 33. Qe2 Bc4 34. Qd1 Bb3 35. Qe2 Bc4 36. Qd1 Bb3 1/2-1/2

[Event "AUT-ch Open 2020"]
[Site "Graz"]
[Date "2020.02.19"]
[Round "7.31"]
[White "Frank, Emanuel"]
[Black "Barp, Alberto"]
[Result "0-1"]
[ECO "D30"]
[WhiteElo "2368"]
[BlackElo "2286"]
[Annotator "ChessBase"]
[PlyCount "118"]
[EventDate "2020.02.14"]
[EventType "swiss"]
[EventCountry "AUT"]
[SourceTitle "playchess.com"]
[Source "ChessBase"]
[SourceQuality "1"]
[TimeControl "40/5400+30:1800+30"]

1. d4 d5 2. c4 e6 3. Nf3 Nf6 4. g3 Bb4+ 5. Bd2 Bd6 6. Nc3 O-O 7. Bg5 c6 8. Bg2 h6 9. Bxf6 Qxf6 10. O-O Qd8 11. c5 Bc7 12. e4 Nd7 13. Re1 Ba5 14. Qa4 Nf6 15. b4 Bc7 16. e5 Ne8 17. Re3 f6 18. Qc2 f5 19. Ree1 Qe7 20. h4 g5 21. Ne2 Ng7 22. hxg5 hxg5 23. Qd2 Bd8 24. a4 Bd7 25. Reb1 a6 26. Ne1 Nh5 27. Nd3 Qg7 28. Rb2 Be8 29. f3 Qh7 30. Kf2 f4 31. Rh1 fxg3+ 32. Nxg3 Nxg3 33. Kxg3 Qf5 34. Nf2 Bg6 35. Ng4 Kg7 36. Nh6 Qf4+ 37. Kf2 b6 38. Qxf4 Rxf4 39. Ke3 Rb8 40. Ng4 bxc5 41. Rc1 c4 42. Nf2 Bb6 43. Rd2 Ba7 44. Nh3 Rf5 45. f4 gxf4+ 46. Nxf4 Rxe5+ 47. Kf3 Rf5 48. Bh3 Rf6 49. Kg3 Rxb4 50. Nxe6+ Kg8 51. Kh4 Bb6 52. a5 Bxa5 53. Ra2 Rb5 54. Kg5 Kf7 55. Rca1 Bb4 56. Rxa6 Be7 57. Nf4 Rb3 58. Rf1 Rf5+ 59. Kg4 Rg5+ 0-1

[Event "AUT-ch Open 2020"]
[Site "Graz"]
[Date "2020.02.19"]
[Round "7.32"]
[White "Szotkowski, Jakub"]
[Black "Yeritsyan, Aram"]
[Result "0-1"]
[ECO "A40"]
[WhiteElo "2283"]
[BlackElo "2283"]
[Annotator "NA"]
[PlyCount "108"]
[EventDate "2020.02.14"]
[EventType "swiss"]
[EventCountry "AUT"]
[SourceTitle "playchess.com"]
[Source "ChessBase"]
[SourceQuality "1"]
[TimeControl "40/5400+30:1800+30"]

1. d4 Nf6 2. c4 e6 3. g3 Bb4+ 4. Bd2 c5 5. Bxb4 cxb4 6. Bg2 O-O 7. e3 a5 8. Ne2 d6 9. Nf4 Na6 10. O-O Rb8 11. Nd2 Bd7 12. b3 b5 13. Qc2 Qe7 14. Qb2 a4 15. Rac1 Rfc8 16. Rfd1 bxc4 17. Nxc4 Bb5 18. Rd2 g5 19. Ne2 a3 20. Qb1 d5 21. Ne5 Nd7 22. Nd3 Nc7 23. Qc2 Nb6 24. Bf1 Ne8 25. Qd1 Bxd3 26. Rxd3 Rxc1 27. Nxc1 Rc8 28. Rd2 Nf6 29. Rc2 Rxc2 30. Qxc2 Ne4 31. Bd3 f5 32. Ne2 Kf7 33. g4 h5 34. gxf5 exf5 35. Ng3 Qd7 36. Bxe4 dxe4 37. Qc5 Nd5 38. h3 h4 39. Nf1 f4 40. Nh2 fxe3 41. fxe3 Nxe3 42. Qxb4 Qxh3 43. Qb7+ Kf6 44. Qb6+ Qe6 45. Qd8+ Kg6 46. Kf2 Nd5 47. Ke1 Nf6 48. Nf1 Qc6 49. Qa5 Qc1+ 50. Kf2 Qf4+ 51. Ke1 Qc1+ 52. Kf2 Ng4+ 53. Ke2 Qb2+ 54. Qd2 e3 0-1

[Event "AUT-ch Open 2020"]
[Site "Graz"]
[Date "2020.02.19"]
[Round "7.33"]
[White "Papakonstantinou, Dimitrios"]
[Black "Tuncer, Tuna"]
[Result "0-1"]
[ECO "B90"]
[WhiteElo "2275"]
[BlackElo "2275"]
[Annotator "NA"]
[PlyCount "74"]
[EventDate "2020.02.14"]
[EventType "swiss"]
[EventCountry "AUT"]
[SourceTitle "playchess.com"]
[Source "ChessBase"]
[SourceQuality "1"]
[TimeControl "40/5400+30:1800+30"]

1. e4 c5 2. Nf3 d6 3. d4 cxd4 4. Nxd4 Nf6 5. Nc3 a6 6. Be3 e5 7. Nb3 Be6 8. f3 Be7 9. Qd2 O-O 10. O-O-O Nbd7 11. g4 b5 12. Rg1 Nb6 13. g5 Nh5 14. Na5 Qc7 15. Nd5 Nxd5 16. exd5 Bd7 17. Bd3 g6 18. Nc6 Bxc6 19. dxc6 d5 20. c3 Qxc6 21. Bc2 Rad8 22. Kb1 Rd7 23. Bb3 Rfd8 24. Qf2 Ng7 25. h4 Nf5 26. Rge1 b4 27. Bc1 bxc3 28. Rxe5 d4 29. bxc3 dxc3 30. Rde1 Rd2 31. R5e2 c2+ 32. Kb2 Bb4 33. a3 Qc3+ 34. Ka2 Nd4 35. Re8+ Rxe8 36. Rxe8+ Bf8 37. Re3 Qxb3+ 0-1

[Event "AUT-ch Open 2020"]
[Site "Graz"]
[Date "2020.02.19"]
[Round "7.34"]
[White "Chylewski, Patryk"]
[Black "Bakalarz, Mietek"]
[Result "1-0"]
[ECO "A06"]
[WhiteElo "2245"]
[BlackElo "2245"]
[Annotator "NA"]
[PlyCount "65"]
[EventDate "2020.02.14"]
[EventType "swiss"]
[EventCountry "AUT"]
[SourceTitle "playchess.com"]
[Source "ChessBase"]
[SourceQuality "1"]
[TimeControl "40/5400+30:1800+30"]

1. Nf3 d5 2. d4 Bf5 3. c4 e6 4. Nc3 Nc6 5. cxd5 exd5 6. Bf4 Bd6 7. Bg3 Nf6 8. e3 O-O 9. Bd3 Bxd3 10. Qxd3 Nb4 11. Qd1 Ne4 12. O-O Nxg3 13. hxg3 c6 14. a3 Na6 15. b4 Nc7 16. b5 cxb5 17. Qb3 a6 18. Nxd5 Nxd5 19. Qxd5 Qe7 20. a4 bxa4 21. Rxa4 b5 22. Ra5 Rfd8 23. Qa2 Qb7 24. Ra1 b4 25. Nd2 Qe7 26. Nc4 Rab8 27. Qb3 Rb5 28. Rxa6 Bb8 29. Na5 Rc8 30. Nc6 Qb7 31. d5 Qd7 32. Qc4 Rb7 33. Ne7+ 1-0

[Event "AUT-ch Open 2020"]
[Site "Graz"]
[Date "2020.02.19"]
[Round "7.35"]
[White "Pasti, Aron"]
[Black "Paltrinieri, Nicholas"]
[Result "1-0"]
[ECO "C15"]
[WhiteElo "2247"]
[BlackElo "2247"]
[Annotator "NA"]
[PlyCount "67"]
[EventDate "2020.02.14"]
[EventType "swiss"]
[EventCountry "AUT"]
[SourceTitle "playchess.com"]
[Source "ChessBase"]
[SourceQuality "1"]
[TimeControl "40/5400+30:1800+30"]

1. e4 e6 2. d4 d5 3. Nc3 Bb4 4. Bd2 dxe4 5. Qg4 Nf6 6. Qxg7 Rg8 7. Qh6 Qxd4 8. O-O-O Rg6 9. Qh4 Rg4 10. Qh6 Bf8 11. Qxf8+ Kxf8 12. Bh6+ Ke8 13. Rxd4 e5 14. Rd1 Be6 15. Nge2 c6 16. Ng3 Ng8 17. Be3 f5 18. f3 Rg6 19. Bd2 e3 20. Be1 Ne7 21. Bd3 Nd7 22. Nf1 Nc5 23. Nxe3 Nxd3+ 24. cxd3 f4 25. Nc4 Bxc4 26. dxc4 Rxg2 27. Ne4 b5 28. Bb4 bxc4 29. Nd6+ Kd7 30. Nxc4+ Nd5 31. Nxe5+ Ke6 32. Nd3 Rb8 33. Rd2 Nxb4 34. Nxf4+ {[%emt 0:00:06] Kd5} 1-0

[Event "AUT-ch Open 2020"]
[Site "Graz"]
[Date "2020.02.19"]
[Round "7.36"]
[White "Palczert, Matyas"]
[Black "Stoleriu, George"]
[Result "0-1"]
[ECO "C01"]
[WhiteElo "2094"]
[BlackElo "2094"]
[Annotator "NA"]
[PlyCount "121"]
[EventDate "2020.02.14"]
[EventType "swiss"]
[EventCountry "AUT"]
[SourceTitle "playchess.com"]
[Source "ChessBase"]
[SourceQuality "1"]
[TimeControl "40/5400+30:1800+30"]

1. e4 e6 2. d4 d5 3. exd5 exd5 4. Nf3 Bd6 5. c4 c6 6. Nc3 Ne7 7. Bd3 dxc4 8. Bxc4 O-O 9. O-O Bg4 10. h3 Bh5 11. g4 Bg6 12. Ne5 c5 13. Nxg6 Nxg6 14. dxc5 Bxc5 15. Qxd8 Rxd8 16. Be3 Bxe3 17. fxe3 Ne5 18. Bd5 Nbd7 19. Rf2 Nc5 20. Raf1 Rd7 21. e4 Re8 22. Nb5 b6 23. a3 a6 24. Nc3 h6 25. Rg2 Ncd3 26. h4 Rd6 27. g5 h5 28. g6 Re7 29. gxf7+ Nxf7 30. Rd2 Rg6+ 31. Rg2 Rd6 32. Rf5 g6 33. Rf1 Kg7 34. Ne2 Rf6 35. Rxf6 Kxf6 36. Bc4 Nxb2 37. Bxa6 Rxe4 38. Nc3 Re1+ 39. Kh2 Nd1 40. Nd5+ Kg7 41. Be2 Kh6 42. Bxd1 Rxd1 43. Nxb6 Rd4 44. a4 Rxh4+ 45. Kg1 Rb4 46. a5 Rb1+ 47. Kh2 Ra1 48. Nc4 Ra4 49. Rc2 h4 50. Rf2 Rxc4 51. Rxf7 Ra4 52. Ra7 Kh5 53. a6 Kg4 54. Ra8 Ra2+ 55. Kg1 Kg3 56. Kf1 h3 57. Rb8 Ra1+ 58. Ke2 h2 59. Rb3+ Kg2 60. a7 h1=Q 61. Kd3 0-1

[Event "AUT-ch Open 2020"]
[Site "Graz"]
[Date "2020.02.20"]
[Round "8.1"]
[White "Zverev, Lev"]
[Black "Manush Shah"]
[Result "1/2-1/2"]
[ECO "B33"]
[WhiteElo "1914"]
[BlackElo "2322"]
[Annotator "NA"]
[PlyCount "101"]
[EventDate "2020.02.14"]
[EventType "swiss"]
[EventCountry "AUT"]
[SourceTitle "playchess.com"]
[Source "ChessBase"]
[SourceQuality "1"]
[TimeControl "40/5400+30:1800+30"]

1. e4 c5 2. Nf3 Nc6 3. d4 cxd4 4. Nxd4 Nf6 5. Nc3 e5 6. Ndb5 d6 7. Bg5 a6 8. Na3 b5 9. Bxf6 gxf6 10. Nd5 f5 11. g3 Bg7 12. Bg2 fxe4 13. Bxe4 Be6 14. Qh5 Rb8 15. O-O h6 16. c3 O-O 17. Nc2 f5 18. Bg2 Ne7 19. Ncb4 Nxd5 20. Nxd5 Qd7 21. Qh4 a5 22. Rfd1 Kh7 23. Qe7 Rf7 24. Qxd7 Rxd7 25. Rd2 Kg6 26. a4 Kf7 27. Ne3 e4 28. axb5 Rxb5 29. Bf1 Rc5 30. Nc2 Be5 31. Nd4 Rb7 32. Nxe6 Kxe6 33. Ra4 d5 34. f3 Kf6 35. f4 Bc7 36. Kf2 Bb6 37. Ke1 Rd7 38. Rad4 Ke6 39. c4 Rxc4 40. Rxc4 dxc4 41. Bxc4+ Ke7 42. Rxd7+ Kxd7 43. h3 Bc7 44. Ke2 Ke7 45. b3 Kf6 46. Ke3 Bb6+ 47. Ke2 Bd4 48. Bg8 Bb6 49. Bc4 Bd4 50. Bg8 Bb6 51. Bc4 1/2-1/2

[Event "AUT-ch Open 2020"]
[Site "Graz"]
[Date "2020.02.20"]
[Round "8.5"]
[White "Leisch, Lukas"]
[Black "Frosch, Erich"]
[Result "1-0"]
[ECO "A05"]
[WhiteElo "2352"]
[BlackElo "2210"]
[Annotator "NA"]
[PlyCount "73"]
[EventDate "2020.02.14"]
[EventType "swiss"]
[EventCountry "AUT"]
[SourceTitle "playchess.com"]
[Source "ChessBase"]
[SourceQuality "1"]
[TimeControl "40/5400+30:1800+30"]

1. g3 g6 2. Bg2 Bg7 3. Nf3 Nf6 4. O-O O-O 5. d3 c5 6. Nbd2 Nc6 7. a3 d6 8. Rb1 Qc7 9. c4 b6 10. b4 Bb7 11. Bb2 e5 12. Ne1 Rae8 13. e3 Re7 14. Nc2 Rfe8 15. b5 Nd8 16. Bxb7 Qxb7 17. e4 Qd7 18. Kg2 Ne6 19. Nf3 Nh5 20. Ne3 Rf8 21. Nh4 Ree8 22. Nd5 Ng5 23. Nf5 Nf6 24. Nxg7 Kxg7 25. Nxf6 Kxf6 26. f4 Qh3+ 27. Kh1 Ne6 28. fxe5+ Ke7 29. exd6+ Kxd6 30. d4 Kc7 31. d5 Nd4 32. Bxd4 cxd4 33. Qxd4 f6 34. c5 bxc5 35. Qxc5+ Kd8 36. Rbc1 Rf7 37. Qd6+ 1-0

[Event "AUT-ch Open 2020"]
[Site "Graz"]
[Date "2020.02.20"]
[Round "8.7"]
[White "Palac, Mladen"]
[Black "Karthikeyan, P.."]
[Result "1-0"]
[ECO "A05"]
[WhiteElo "2536"]
[BlackElo "2406"]
[Annotator "ChessBase"]
[PlyCount "61"]
[EventDate "2020.02.14"]
[EventType "swiss"]
[EventCountry "AUT"]
[SourceTitle "playchess.com"]
[Source "ChessBase"]
[SourceQuality "1"]
[TimeControl "40/5400+30:1800+30"]

1. Nf3 Nf6 2. c4 g6 3. Nc3 d5 4. cxd5 Nxd5 5. Qb3 Nb6 6. d4 Bg7 7. Bf4 O-O 8. Rd1 a5 9. e4 Bg4 10. d5 N8d7 11. Be2 e5 12. Bg5 f6 13. Be3 a4 14. Qc2 c6 15. dxc6 bxc6 16. Nxe5 Bxe2 17. Qxe2 fxe5 18. Bxb6 Qxb6 19. Rxd7 a3 20. b3 Qc5 21. Rd3 Rad8 22. O-O Rd4 23. Rfd1 Rfd8 24. g3 Bf6 25. Kg2 Kg7 26. Rxd4 Rxd4 27. Rc1 h5 28. Rc2 Qb4 29. Qa6 Rxe4 30. Qxc6 Re1 31. Qxf6+ 1-0

[Event "AUT-ch Open 2020"]
[Site "Graz"]
[Date "2020.02.20"]
[Round "8.9"]
[White "Nitin, S.."]
[Black "Lodici, Lorenzo"]
[Result "1/2-1/2"]
[ECO "B11"]
[WhiteElo "2353"]
[BlackElo "2492"]
[Annotator "ChessBase"]
[PlyCount "61"]
[EventDate "2020.02.14"]
[EventType "swiss"]
[EventCountry "AUT"]
[SourceTitle "playchess.com"]
[Source "ChessBase"]
[SourceQuality "1"]
[TimeControl "40/5400+30:1800+30"]

1. e4 c6 2. Nc3 d5 3. Nf3 Bg4 4. h3 Bxf3 5. Qxf3 Nf6 6. d3 e6 7. Bd2 Bb4 8. e5 Nfd7 9. Qg4 Bf8 10. d4 c5 11. dxc5 Nc6 12. f4 Nxc5 13. O-O-O a6 14. Kb1 h5 15. Qg3 Qc7 16. Be3 O-O-O 17. Qf2 Qa5 18. Be2 h4 19. Bf3 Kb8 20. Bd2 Qb6 21. Be3 Qa5 22. Bd2 Na4 23. Nxa4 Qxa4 24. f5 Rc8 25. fxe6 fxe6 26. Bg4 Nd8 27. Bg5 Bc5 28. Qf3 Bd4 29. Qb3 Qxb3 30. axb3 Bxe5 31. Bxd8 1/2-1/2

[Event "AUT-ch Open 2020"]
[Site "Graz"]
[Date "2020.02.20"]
[Round "8.11"]
[White "Froewis, Georg"]
[Black "Ozturk, Kubra"]
[Result "1-0"]
[ECO "A28"]
[WhiteElo "2461"]
[BlackElo "2286"]
[Annotator "ChessBase"]
[PlyCount "55"]
[EventDate "2020.02.14"]
[EventType "swiss"]
[EventCountry "AUT"]
[SourceTitle "playchess.com"]
[Source "ChessBase"]
[SourceQuality "1"]
[TimeControl "40/5400+30:1800+30"]

1. c4 e5 2. Nc3 Bb4 3. Qc2 Nf6 4. Nf3 Nc6 5. e3 O-O 6. Nd5 Re8 7. Qf5 d6 8. Nxf6+ Qxf6 9. Qxf6 gxf6 10. a3 Bc5 11. b4 Bb6 12. Bb2 a5 13. b5 Ne7 14. d4 c6 15. c5 dxc5 16. dxe5 a4 17. O-O-O Nd5 18. exf6 Ba5 19. Bc4 Nb6 20. Ne5 Nxc4 21. Nxc4 Be6 22. Nxa5 Rxa5 23. bxc6 bxc6 24. Rd6 Rb5 25. Rhd1 Rb6 26. Rxe6 fxe6 27. Rd7 Rxb2 28. f7+ 1-0

[Event "AUT-ch Open 2020"]
[Site "Graz"]
[Date "2020.02.20"]
[Round "8.11"]
[White "Welling, Gerard"]
[Black "Buonanno, Raffaele"]
[Result "1-0"]
[ECO "B08"]
[WhiteElo "2286"]
[BlackElo "2151"]
[Annotator "NA"]
[PlyCount "39"]
[EventDate "2020.02.14"]
[EventType "swiss"]
[EventCountry "AUT"]
[SourceTitle "playchess.com"]
[Source "ChessBase"]
[SourceQuality "1"]
[TimeControl "40/5400+30:1800+30"]

1. d4 Nf6 2. Nf3 g6 3. Nc3 Bg7 4. e4 d6 5. Be3 a6 6. Bd3 O-O 7. Qd2 b5 8. a4 b4 9. Ne2 a5 10. Bh6 Nbd7 11. Bxg7 Kxg7 12. e5 Nd5 13. h4 h5 14. e6 fxe6 15. Bxg6 Kxg6 16. Qg5+ Kh7 17. Qxh5+ Kg8 18. Qg6+ Kh8 19. Qh6+ Kg8 20. Qxe6+ 1-0

[Event "AUT-ch Open 2020"]
[Site "Graz"]
[Date "2020.02.20"]
[Round "8.16"]
[White "Kilgus, Georg"]
[Black "Chylewski, Patryk"]
[Result "1-0"]
[ECO "E10"]
[WhiteElo "2450"]
[BlackElo "2450"]
[Annotator "ChessBase"]
[PlyCount "73"]
[EventDate "2020.02.14"]
[EventType "swiss"]
[EventCountry "AUT"]
[SourceTitle "playchess.com"]
[Source "ChessBase"]
[SourceQuality "1"]
[TimeControl "40/5400+30:1800+30"]

1. d4 Nf6 2. c4 e6 3. Nf3 d5 4. g3 Bb4+ 5. Bd2 Bd6 6. Nc3 c6 7. Qc2 Nbd7 8. e4 dxe4 9. Nxe4 Nxe4 10. Qxe4 Qc7 11. Bg2 O-O 12. O-O e5 13. c5 Be7 14. Nxe5 Nxe5 15. Bf4 Be6 16. b4 Qd7 17. dxe5 Rfd8 18. Bf3 Bd5 19. Qe2 Bxf3 20. Qxf3 Qf5 21. g4 Qd3 22. Qxd3 Rxd3 23. Rfd1 Rad8 24. Rxd3 Rxd3 25. Be3 Rd5 26. Kg2 g5 27. h4 h6 28. hxg5 hxg5 29. Rh1 b6 30. cxb6 axb6 31. Rh6 Bxb4 32. Bxg5 Bf8 33. Rxc6 Rxe5 34. Bf6 Re8 35. Rxb6 Bc5 36. Rb5 Ba7 37. Rh5 1-0

[Event "AUT-ch Open 2020"]
[Site "Graz"]
[Date "2020.02.20"]
[Round "8.16"]
[White "Valeanu, Eduard-Andrei"]
[Black "Horvath, Reka"]
[Result "1-0"]
[ECO "B23"]
[WhiteElo "2427"]
[BlackElo "2018"]
[Annotator "NA"]
[PlyCount "47"]
[EventDate "2020.02.14"]
[EventType "swiss"]
[EventCountry "AUT"]
[SourceTitle "playchess.com"]
[Source "ChessBase"]
[SourceQuality "1"]
[TimeControl "40/5400+30:1800+30"]

1. e4 c5 2. Nc3 Nc6 3. Bb5 Nd4 4. Bc4 g6 5. Nf3 Bg7 6. Nxd4 cxd4 7. Qf3 Nh6 8. d3 O-O 9. Ne2 b5 10. Bd5 Rb8 11. Qg3 Qb6 12. Qh4 g5 13. Bxg5 Kh8 14. Bxe7 Re8 15. Bg5 Bb7 16. Bxb7 Rxb7 17. O-O f5 18. Ng3 fxe4 19. Nxe4 Nf5 20. Qh3 Qg6 21. Rae1 Rg8 22. Bf4 d5 23. Ng5 Rb6 24. Qxh7+ 1-0

[Event "AUT-ch Open 2020"]
[Site "Graz"]
[Date "2020.02.20"]
[Round "8.17"]
[White "Stukan, Martin"]
[Black "Schnider, Gert"]
[Result "1/2-1/2"]
[ECO "C96"]
[WhiteElo "2292"]
[BlackElo "2429"]
[Annotator "NA"]
[PlyCount "56"]
[EventDate "2020.02.14"]
[EventType "swiss"]
[EventCountry "AUT"]
[SourceTitle "playchess.com"]
[Source "ChessBase"]
[SourceQuality "1"]
[TimeControl "40/5400+30:1800+30"]

1. e4 e5 2. Nf3 Nc6 3. Bb5 a6 4. Ba4 Nf6 5. O-O Be7 6. Re1 b5 7. Bb3 d6 8. c3 O-O 9. h3 Na5 10. Bc2 d5 11. d4 dxe4 12. Nxe5 c5 13. Be3 Qc7 14. Nd2 Bb7 15. Bf4 Bd6 16. Nxe4 Nxe4 17. Bxe4 f6 18. Bxh7+ Kxh7 19. Qh5+ Kg8 20. Ng6 Rfe8 21. Qh8+ Kf7 22. Qh5 Kg8 23. Bxd6 Qxd6 24. dxc5 Qc7 25. Qh8+ Kf7 26. Qh5 Kg8 27. Qh8+ Kf7 28. Qh5 Kg8 1/2-1/2

[Event "AUT-ch Open 2020"]
[Site "Graz"]
[Date "2020.02.20"]
[Round "8.18"]
[White "Rathnakaran, K.."]
[Black "Nolz, Tom"]
[Result "1-0"]
[ECO "C00"]
[WhiteElo "2334"]
[BlackElo "2153"]
[Annotator "NA"]
[PlyCount "87"]
[EventDate "2020.02.14"]
[EventType "swiss"]
[EventCountry "AUT"]
[SourceTitle "playchess.com"]
[Source "ChessBase"]
[SourceQuality "1"]
[TimeControl "40/5400+30:1800+30"]

1. e4 e6 2. d3 b6 3. g3 Bb7 4. Bg2 d5 5. Qe2 Be7 6. Nf3 d4 7. O-O c5 8. c3 Nc6 9. cxd4 cxd4 10. a3 Nf6 11. b4 b5 12. Bb2 e5 13. Nh4 O-O 14. Nf5 a5 15. bxa5 Bc5 16. Rc1 Nd7 17. Bh3 Ncb8 18. f4 g6 19. fxe5 gxf5 20. Qh5 Ra6 21. Bxf5 Rg6 22. e6 Nf6 23. Qh3 Na6 24. exf7+ Rxf7 25. Nd2 Bf8 26. Bxg6 hxg6 27. Nb3 Qe7 28. Bxd4 Rh7 29. Bxf6 Qxf6 30. Rf1 Qd6 31. Qg4 Bc6 32. d4 Bd7 33. Qf3 Be7 34. e5 Qe6 35. Rac1 Be8 36. Qa8 Bg5 37. Rc8 Re7 38. d5 Be3+ 39. Kh1 Qxe5 40. d6 Qxd6 41. Rxe8+ Rxe8 42. Qxe8+ Kg7 43. Rf7+ Kh6 44. Qh8+ 1-0

[Event "AUT-ch Open 2020"]
[Site "Graz"]
[Date "2020.02.20"]
[Round "8.19"]
[White "Peycheva, Gergana"]
[Black "Kosakowski, Jakub"]
[Result "0-1"]
[ECO "E94"]
[WhiteElo "2413"]
[BlackElo "2413"]
[Annotator "NA"]
[PlyCount "60"]
[EventDate "2020.02.14"]
[EventType "swiss"]
[EventCountry "AUT"]
[SourceTitle "playchess.com"]
[Source "ChessBase"]
[SourceQuality "1"]
[TimeControl "40/5400+30:1800+30"]

1. d4 Nf6 2. c4 g6 3. Nc3 Bg7 4. e4 d6 5. Nf3 O-O 6. Be2 e5 7. O-O Na6 8. dxe5 dxe5 9. Qc2 Qe8 10. Rd1 c6 11. b3 Qe7 12. Bb2 Nh5 13. g3 f5 14. Ne1 Nf6 15. Ng2 f4 16. Qd2 Ng4 17. Bxg4 Bxg4 18. Rf1 Rad8 19. Qc1 Nb4 20. Ba3 a5 21. f3 Bh3 22. Na4 Rd7 23. Rb1 Qd8 24. Bxb4 axb4 25. Rb2 b5 26. cxb5 cxb5 27. Nc5 Qb6 28. Rc2 Rc8 29. Ne1 Bf8 30. Kh1 Rxc5 0-1

[Event "AUT-ch Open 2020"]
[Site "Graz"]
[Date "2020.02.20"]
[Round "8.19"]
[White "Brinovec, David"]
[Black "Czernek, Tymon"]
[Result "0-1"]
[ECO "B22"]
[WhiteElo "2279"]
[BlackElo "2089"]
[Annotator "NA"]
[PlyCount "72"]
[EventDate "2020.02.14"]
[EventType "swiss"]
[EventCountry "AUT"]
[SourceTitle "playchess.com"]
[Source "ChessBase"]
[SourceQuality "1"]
[TimeControl "40/5400+30:1800+30"]

1. e4 c5 2. c3 Nf6 3. e5 Nd5 4. g3 Nc6 5. Bg2 e6 6. Nf3 d6 7. exd6 Bxd6 8. O-O O-O 9. d4 cxd4 10. Nxd4 Nxd4 11. Qxd4 Qc7 12. Nd2 Bd7 13. Ne4 Bb5 14. Rd1 Be7 15. a4 Bc6 16. c4 Rad8 17. Qxa7 Nb6 18. Rxd8 Rxd8 19. Be3 Nc8 20. Qa8 Nd6 21. Qa7 Nxe4 22. Bb6 Qb8 23. Qxb8 Rxb8 24. a5 Rc8 25. Rd1 Kf8 26. b3 f5 27. h4 Ke8 28. h5 g6 29. hxg6 hxg6 30. g4 Bd8 31. gxf5 Bxb6 32. axb6 gxf5 33. f4 Ke7 34. b4 Nc3 35. Rd3 Ne2+ 36. Kf2 Nxf4 0-1

[Event "AUT-ch Open 2020"]
[Site "Graz"]
[Date "2020.02.20"]
[Round "8.20"]
[White "Bodrogi, Bendeguz"]
[Black "Menezes, Christoph"]
[Result "0-1"]
[ECO "D74"]
[WhiteElo "2032"]
[BlackElo "2032"]
[Annotator "NA"]
[PlyCount "58"]
[EventDate "2020.02.14"]
[EventType "swiss"]
[EventCountry "AUT"]
[SourceTitle "playchess.com"]
[Source "ChessBase"]
[SourceQuality "1"]
[TimeControl "40/5400+30:1800+30"]

1. Nf3 d5 2. d4 Nf6 3. c4 g6 4. cxd5 Nxd5 5. g3 Bg7 6. Bg2 O-O 7. O-O Nc6 8. e4 Nb6 9. d5 Na5 10. Nc3 c6 11. Qe2 cxd5 12. Rd1 d4 13. e5 Nc6 14. Nb5 Bg4 15. Bf4 a6 16. Na3 Nd7 17. Nc4 b5 18. h3 Be6 19. Na3 Qb6 20. Rac1 Rac8 21. b3 Bd5 22. e6 Bxe6 23. Ng5 Nce5 24. Nxe6 Qxe6 25. Bb7 Rxc1 26. Rxc1 Qd6 27. Nb1 Nc5 28. Bg2 Ncd3 29. Bxe5 Nxc1 0-1

[Event "AUT-ch Open 2020"]
[Site "Graz"]
[Date "2020.02.20"]
[Round "8.21"]
[White "Megalios, Konstantinos"]
[Black "Mis, Mieszko"]
[Result "1-0"]
[ECO "E04"]
[WhiteElo "2334"]
[BlackElo "2390"]
[Annotator "NA"]
[PlyCount "55"]
[EventDate "2020.02.14"]
[EventType "swiss"]
[EventCountry "AUT"]
[SourceTitle "playchess.com"]
[Source "ChessBase"]
[SourceQuality "1"]
[TimeControl "40/5400+30:1800+30"]

1. Nf3 Nf6 2. c4 e6 3. g3 d5 4. d4 dxc4 5. Bg2 Bb4+ 6. Bd2 c5 7. Bxb4 cxb4 8. Ne5 O-O 9. O-O Nc6 10. Bxc6 bxc6 11. a3 c5 12. dxc5 Qd5 13. Qxd5 exd5 14. axb4 Re8 15. f4 Ng4 16. Nc3 Nxe5 17. fxe5 Rb8 18. Rxa7 Be6 19. b5 d4 20. Ne4 Bd5 21. Nd6 Rxe5 22. e4 Be6 23. c6 Rc5 24. c7 Rf8 25. b6 d3 26. Rd1 Rc6 27. b7 Rxc7 28. Ra8 1-0

[Event "AUT-ch Open 2020"]
[Site "Graz"]
[Date "2020.02.20"]
[Round "8.21"]
[White "Praczukowski, Stanislaw"]
[Black "Modler, Andreas"]
[Result "1-0"]
[ECO "B43"]
[WhiteElo "2088"]
[BlackElo "2225"]
[Annotator "NA"]
[PlyCount "47"]
[EventDate "2020.02.14"]
[EventType "swiss"]
[EventCountry "AUT"]
[SourceTitle "playchess.com"]
[Source "ChessBase"]
[SourceQuality "1"]
[TimeControl "40/5400+30:1800+30"]

1. e4 c5 2. Nf3 e6 3. d4 cxd4 4. Nxd4 a6 5. Be2 Nf6 6. Nc3 Qc7 7. O-O Bb4 8. Qd3 Nc6 9. Bg5 Be7 10. Bh4 O-O 11. Rad1 Ne5 12. Qg3 d6 13. f4 Ng6 14. Bg5 h6 15. Bxh6 gxh6 16. f5 e5 17. fxg6 exd4 18. gxf7+ Kh8 19. Nd5 Nxd5 20. Qg6 Bg5 21. exd5 Bf5 22. Qxf5 Kg7 23. Bd3 Rh8 24. f8=Q+ 1-0

[Event "AUT-ch Open 2020"]
[Site "Graz"]
[Date "2020.02.20"]
[Round "8.25"]
[White "Molnar, Bela"]
[Black "Stanec, Nikolaus"]
[Result "0-1"]
[ECO "B67"]
[WhiteElo "2312"]
[BlackElo "2520"]
[Annotator "ChessBase"]
[PlyCount "62"]
[EventDate "2020.02.14"]
[EventType "swiss"]
[EventCountry "AUT"]
[SourceTitle "playchess.com"]
[Source "ChessBase"]
[SourceQuality "1"]
[TimeControl "40/5400+30:1800+30"]

1. e4 c5 2. Nf3 Nc6 3. d4 cxd4 4. Nxd4 Nf6 5. Nc3 d6 6. Bg5 e6 7. Qd2 a6 8. O-O-O Bd7 9. Kb1 h6 10. Bxf6 Qxf6 11. Nxc6 Bxc6 12. h4 Qd8 13. f4 b5 14. Rh3 Be7 15. Bd3 Bxh4 16. Qe3 Be7 17. Qg3 g5 18. fxg5 Bxg5 19. Be2 Qb6 20. Qxd6 Rd8 21. Qe5 Rxd1+ 22. Nxd1 O-O 23. Rg3 Rd8 24. Bd3 Kf8 25. Rf3 Qg1 26. a3 Qxd1+ 27. Ka2 Qg1 28. Qxe6 Be8 29. Qxa6 Qxg2 30. Rf5 Bd7 31. Rc5 Be6+ 0-1

[Event "AUT-ch Open 2020"]
[Site "Graz"]
[Date "2020.02.20"]
[Round "8.27"]
[White "Milikow, Yoav"]
[Black "David, Alexandru-Vasile"]
[Result "1-0"]
[ECO "E32"]
[WhiteElo "2296"]
[BlackElo "2436"]
[Annotator "NA"]
[PlyCount "69"]
[EventDate "2020.02.14"]
[EventType "swiss"]
[EventCountry "AUT"]
[SourceTitle "playchess.com"]
[Source "ChessBase"]
[SourceQuality "1"]
[TimeControl "40/5400+30:1800+30"]

1. d4 Nf6 2. c4 e6 3. Nc3 Bb4 4. Qc2 b6 5. e4 c5 6. d5 Qe7 7. Nge2 exd5 8. exd5 d6 9. Bd2 O-O 10. f3 Ba6 11. O-O-O Bxc4 12. Ng3 Bxd5 13. Nf5 Qd7 14. Nxd5 Nxd5 15. Bg5 Nc7 16. Rxd6 Qe8 17. Ne7+ Kh8 18. Rh6 f5 19. Ng6+ Qxg6 20. Rxg6 hxg6 21. h4 Nc6 22. h5 Kh7 23. g4 Ne6 24. hxg6+ Kxg6 25. gxf5+ Rxf5 26. Bh3 Raf8 27. Bxf5+ Rxf5 28. Qe4 Ncd4 29. Be3 Kf6 30. a3 Nb3+ 31. Kc2 Ned4+ 32. Bxd4+ Nxd4+ 33. Kd1 Bxa3 34. bxa3 Rxf3 35. Re1 1-0